 Dungeon Crawl Stone Soup version 0.28.0-53-g5a82cb258f (webtiles) character file.

Game seed: 9591405145133376724

19 Infinimo the Skirmisher (level 2, 0/31 HPs)
             Began as an Ogre Gladiator on May 28, 2022.
             Slain by an adder (3 damage)
             ... on level 2 of the Dungeon.
             The game lasted 00:00:42 (504 turns).

Infinimo the Skirmisher (Ogre Gladiator)             Turns: 504, Time: 00:00:42

Health: 0/31       AC:  3    Str: 17    XL:     2   Next: 75%
Magic:  2/2        EV: 10    Int:  9    God:
Gold:   52         SH:  0    Dex: 10    Spells: 1/1 levels left

rFire   . . .      SeeInvis .   a - +0 flail
rCold   . . .      Faith    .   (no shield)
rNeg    . . .      Spirit   .   b - +0 robe
rPois   .          Reflect  .   c - +0 hat
rElec   .          Harm     .   (no cloak)
rCorr   .          Rampage  .   (gloves unavailable)
Will    .....                   (boots unavailable)
Stlth   +.........              (no amulet)
HPRegen 0.10/turn               (no ring)
MPRegen 0.08/turn               (no ring)

@: no status effects
A: large, unfitting armour, tough skin 1
a: no special abilities


You were on level 2 of the Dungeon.
You visited 1 branch of the dungeon, and saw 2 of its levels.

You collected 52 gold pieces.

Inventory:

Hand Weapons
 a - a +0 flail (weapon)
Missiles
 d - 3 throwing nets (quivered)
Armour
 b - a +0 robe (worn)
 c - a +0 hat (worn)


   Skills:
 + Level 3.1 Fighting
 * Level 3.1 Maces & Flails
 - Level 2.0 Throwing
 + Level 2.9 Dodging


You had one spell level left.
You didn't know any spells.
Your spell library was empty.

Dungeon Overview and Level Annotations

Branches:
Dungeon (1/15)

Altars:

Shops:
D:2 ::


Innate Abilities, Weirdness & Mutations

You are too large for most types of armour.
You have tough skin. (AC +1)


Message History

Found Eqiezxic's Book Boutique.
You open the door.
The adder hisses angrily.
The rat closely misses you. The adder barely misses you.
There is an open door here.
The adder bites you.
You are poisoned.
The adder poisons you!
You feel sick.
The endoplasm quivers.
The adder bites you but does no damage. x2
You feel sick.
The frilled lizard hisses.
You feel sick.
You open the door.
You feel sick. The adder bites you. The rat bites you.
You feel sick.
You are no longer poisoned.
The adder bites you.
You are poisoned.
The adder poisons you!
There is an open door here.
You feel sick.
You feel sick.
You feel sick.
You feel sick.
You are no longer poisoned.
The adder bites you.
* * * LOW HITPOINT WARNING * * *
The adder bites you.
* * * LOW HITPOINT WARNING * * *
The adder closely misses you.
Found an orange potion.
The adder barely misses you.
You aren't carrying any potions.
As you read the scroll labelled FUTAPSAHUI, it crumbles to dust.
You speak a Word of immense power!
It was a scroll of holy word.
The adder bites you.
* * * LOW HITPOINT WARNING * * *
The adder bites you.
You die...

#..###...##o##
#..o.o..##..###
..(..o.#.###...#
##..o....# ###o#
###.....# #.#
......#.# #.##
.###..#..# #.o# ###.#
#......####.# ##.@.#
###.....###o. #.S###
#.......##.. #r##
##.......##..
###J######.........o..
#...##..........o###..
#+#....#..#.......##..
#......##.....o.####
####o.####+#.:.$#
+.l####≈.#...##


You could see an adder, an endoplasm and a rat.

Vanquished Creatures
  A dart slug (D:1)
  4 ball pythons
  2 bats (D:1)
  An endoplasm (D:1)
  A giant cockroach (D:1)
  2 goblins (D:1)
  3 hobgoblins (D:1)
  A rat (D:1)
15 creatures vanquished.

Notes
Turn   | Place    | Note
-------+----------+-------------------------------------------
     0 | D:1      | Infinimo the Ogre Gladiator began the quest for the Orb.
     0 | D:1      | Reached XP level 1. HP: 22/22 MP: 1/1
   282 | D:1      | Reached XP level 2. HP: 27/29 MP: 2/2
   454 | D:1      | You fall into a shaft and drop 1 floor!
   460 | D:2      | Found Kuloduxo's Book Shop.
   481 | D:2      | Found Eqiezxic's Book Boutique.
   504 | D:2      | Slain by an adder

Illustrated notes

Levels and vault maps discovered:
D:1:      matt_arrival_diagonals, layout_rooms,
          shapermc_ecumenical_altar_pompeii, minmay_pentomino_o2
D:2:      minmay_inner_zag, layout_rooms, serial_shops,
          nicolae_shop_hallway_plus, nicolae_shop_hallway_plus, shop

Skill      XL: |  1  2 |
---------------+-------+-----
Fighting       | 3 |  3.1
Maces & Flails | 3 |  3.1
Throwing       | |  2.0
Dodging        | |  2.9

Action                   || total
-------------------------++-------
Melee: Flail             ||    28
  Use: Scroll            ||     1
Armor: Robe              ||     9
Dodge: Dodged            ||    19
